[ AOE2 MATCH · #506812762 ]
UnrankedEthiopians vs Mongols
Player's team · LOSS
Rival team · WIN
[ REPLAY ANALYSIS · EXTRACTED FROM THE RECORDED GAME ]
Feudal
13:56
Castle
—
Imperial
—
| APM avg | 60.2 |
| APM peak | 142 |
| eAPM avg | 20.6 |
| Villagers / military | 26 / 0 |
Focus
⚔️ 29.1% · 🌾 70.9%
Feudal
8:28
Castle
—
Imperial
—
| APM avg | 48.5 |
| APM peak | 78 |
| eAPM avg | 19.4 |
| Villagers / military | 34 / 7 |
Focus
⚔️ 22.8% · 🌾 77.2%
Scout Cavalry ×7
Match map
Initial resources + every placement click. Lines = walls · curves = elevation contours. ◆ gold · ⬟ stone · ● berries · ✦ relic · ◌ wall gap
Your base· Open — unwalled flank
Eray_'s base· Open — unwalled flank
Smoothed initial terrain · ◌ = detected wall gap · hover for details
Inputs per minute
— twitch: aoe2_billybadbeat - - Eray_
Build order — twitch: aoe2_billybadbeat
59 actions detected in the replay
| 0:00 | Queue | Villager (Male) |
| 0:00 | Queue | Villager (Male) |
| 0:02 | Build | House |
| 0:02 | Build | House |
| 0:19 | Queue | Villager (Male) |
| 0:20 | Queue | Villager (Male) |
| 0:30 | Research | Loom |
| 0:58 | Build | House |
| 2:02 | Queue | Villager (Male) |
| 2:02 | Queue | Villager (Male) |
| 3:02 | Queue | Villager (Male) |
| 3:02 | Queue | Villager (Male) |
| 4:06 | Queue | Villager (Male) |
| 4:09 | Queue | Villager (Male) |
| 4:15 | Build | Palisade Wall |
| 4:16 | Build | Palisade Wall |
| 4:18 | Build | Palisade Wall |
| 4:20 | Build | Palisade Wall |
| 4:22 | Build | Palisade Wall |
| 4:38 | Build | Palisade Wall |
| 4:51 | Queue | Villager (Male) |
| 4:52 | Queue | Villager (Male) |
| 4:56 | Build | House |
| 5:25 | Queue | Villager (Male) |
| 5:55 | Queue | Villager (Male) |
| 6:41 | Queue | Villager (Male) |
| 6:46 | Queue | Villager (Male) |
| 6:48 | Build | Mill |
| 6:48 | Queue | Villager (Male) |
| 7:55 | Queue | Villager (Male) |
| 8:15 | Queue | Villager (Male) |
| 8:30 | Queue | Villager (Male) |
| 9:12 | Queue | Villager (Male) |
| 9:27 | Build | Lumber Camp |
| 9:33 | Queue | Villager (Male) |
| 9:36 | Queue | Villager (Male) |
| 11:08 | Build | Mining Camp |
| 11:39 | Build | House |
| 11:44 | Queue | Villager (Male) |
| 11:46 | Research | Feudal Age |
| 11:52 | Build | Palisade Wall |
| 11:56 | Build | Palisade Wall |
| 11:57 | Build | Palisade Wall |
| 12:01 | Build | Palisade Wall |
| 12:05 | Build | Palisade Wall |
| 12:07 | Build | Palisade Wall |
| 12:40 | Build | Palisade Wall |
| 13:06 | Build | Palisade Wall |
| 13:08 | Build | Palisade Wall |
| 13:30 | Build | House |
| 13:46 | Build | Farm |
| 13:55 | Queue | Villager (Male) |
| 13:56 | Age | Feudal Age |
| 14:06 | Build | Palisade Wall |
| 14:08 | Build | Palisade Wall |
| 14:09 | Build | Palisade Wall |
| 14:11 | Build | Palisade Wall |
| 14:22 | Build | Barracks |
| 14:38 | Queue | Villager (Male) |
Build order — Eray_
76 actions detected in the replay
| 0:00 | Queue | Villager (Male) |
| 0:01 | Queue | Villager (Male) |
| 0:02 | Build | House |
| 0:03 | Build | House |
| 0:11 | Queue | Villager (Male) |
| 0:11 | Queue | Villager (Male) |
| 1:29 | Build | Lumber Camp |
| 1:31 | Queue | Villager (Male) |
| 1:31 | Queue | Villager (Male) |
| 2:03 | Queue | Villager (Male) |
| 2:30 | Queue | Villager (Male) |
| 2:30 | Queue | Villager (Male) |
| 2:56 | Queue | Villager (Male) |
| 2:56 | Queue | Villager (Male) |
| 3:32 | Build | Mill |
| 3:35 | Queue | Villager (Male) |
| 3:35 | Queue | Villager (Male) |
| 4:01 | Queue | Villager (Male) |
| 4:01 | Queue | Villager (Male) |
| 4:02 | Queue | Villager (Male) |
| 4:20 | Research | Loom |
| 4:20 | Research | Loom |
| 5:03 | Queue | Villager (Male) |
| 5:03 | Queue | Villager (Male) |
| 5:41 | Queue | Villager (Male) |
| 6:18 | Research | Feudal Age |
| 6:18 | Research | Feudal Age |
| 6:18 | Research | Feudal Age |
| 6:50 | Build | Lumber Camp |
| 7:18 | Build | Palisade Wall |
| 7:22 | Build | Palisade Wall |
| 7:25 | Build | Palisade Wall |
| 7:28 | Build | Palisade Wall |
| 7:36 | Queue | Villager (Male) |
| 7:43 | Build | House |
| 8:14 | Build | Barracks |
| 8:28 | Age | Feudal Age |
| 8:28 | Queue | Villager (Male) |
| 8:58 | Build | House |
| 9:12 | Queue | Villager (Male) |
| 9:43 | Build | Stable |
| 9:55 | Queue | Villager (Male) |
| 9:55 | Queue | Villager (Male) |
| 10:24 | Queue | Scout Cavalry |
| 10:24 | Queue | Scout Cavalry |
| 10:26 | Build | House |
| 10:30 | Build | Palisade Wall |
| 10:38 | Build | Farm |
| 10:48 | Build | Farm |
| 10:52 | Queue | Villager (Male) |
| 10:52 | Queue | Villager (Male) |
| 11:14 | Queue | Villager (Male) |
| 11:16 | Build | Farm |
| 11:25 | Build | House |
| 11:34 | Queue | Scout Cavalry |
| 11:35 | Queue | Scout Cavalry |
| 11:42 | Build | Farm |
| 11:51 | Build | Farm |
| 12:26 | Queue | Villager (Male) |
| 12:46 | Queue | Villager (Male) |
| 12:48 | Build | Market |
| 12:58 | Queue | Villager (Male) |
| 13:00 | Build | Farm |
| 13:22 | Queue | Scout Cavalry |
| 13:26 | Queue | Villager (Male) |
| 13:28 | Build | Farm |
| 13:42 | Queue | Scout Cavalry |
| 13:42 | Queue | Scout Cavalry |
| 14:00 | Queue | Villager (Male) |
| 14:02 | Build | Mining Camp |
| 14:08 | Build | House |
| 14:29 | Queue | Villager (Male) |
| 14:35 | Build | Farm |
| 14:59 | Queue | Villager (Male) |
| 15:09 | Research | Double-Bit Axe |
| 15:09 | Research | Double-Bit Axe |
Match timeline
| 4:15 | twitch: aoe2_billybadbeat · wall_segment Palisade Wall x1 |
| 4:16 | twitch: aoe2_billybadbeat · wall_segment Palisade Wall x1 |
| 4:18 | twitch: aoe2_billybadbeat · wall_segment Palisade Wall x1 |
| 4:20 | twitch: aoe2_billybadbeat · wall_segment Palisade Wall x1 |
| 4:22 | twitch: aoe2_billybadbeat · wall_segment Palisade Wall x1 |
| 4:38 | twitch: aoe2_billybadbeat · wall_segment Palisade Wall x1 |
| 7:18 | Eray_ · wall_segment Palisade Wall x1 |
| 7:22 | Eray_ · wall_segment Palisade Wall x1 |
| 7:25 | Eray_ · wall_segment Palisade Wall x1 |
| 7:28 | Eray_ · wall_segment Palisade Wall x1 |
| 8:14 | Eray_ · first_building Barracks |
| 8:28 | Eray_ · age_up feudal |
| 9:43 | Eray_ · first_building Stable |
| 10:30 | Eray_ · wall_segment Palisade Wall x1 |
| 11:52 | twitch: aoe2_billybadbeat · wall_segment Palisade Wall x3 |
| 11:56 | twitch: aoe2_billybadbeat · wall_segment Palisade Wall x9 |
| 11:57 | twitch: aoe2_billybadbeat · wall_segment Palisade Wall x1 |
| 12:01 | twitch: aoe2_billybadbeat · wall_segment Palisade Wall x1 |
| 12:05 | twitch: aoe2_billybadbeat · wall_segment Palisade Wall x1 |
| 12:07 | twitch: aoe2_billybadbeat · wall_segment Palisade Wall x1 |
| 12:40 | twitch: aoe2_billybadbeat · wall_segment Palisade Wall x6 |
| 13:06 | twitch: aoe2_billybadbeat · wall_segment Palisade Wall x1 |
| 13:08 | twitch: aoe2_billybadbeat · wall_segment Palisade Wall x1 |
| 13:56 | twitch: aoe2_billybadbeat · age_up feudal |
| 14:06 | twitch: aoe2_billybadbeat · wall_segment Palisade Wall x1 |
| 14:08 | twitch: aoe2_billybadbeat · wall_segment Palisade Wall x1 |
| 14:09 | twitch: aoe2_billybadbeat · wall_segment Palisade Wall x1 |
| 14:11 | twitch: aoe2_billybadbeat · wall_segment Palisade Wall x1 |
| 14:22 | twitch: aoe2_billybadbeat · first_building Barracks |
| 15:16 | twitch: aoe2_billybadbeat · resign |
[ AI ANALYSIS · 1 CREDIT ]
What really happened in this match?
Wolo.gg analyzes every decision: build order, eco, micro, common mistakes by bracket. Personalized analysis on WhatsApp or Discord in 30 seconds.
Civ guide
Ethiopians
Perfil
billy bad beat